 Dungeon Crawl Stone Soup version 0.30-a0-718-geaa24f58ff (webtiles) character file.

Game seed: 5260827829553938703

827 sokol815 the Shooter (level 7, -1/59 HPs)
             Began as a Demigod Hunter on Jan 25, 2023.
             Slain by Menkaure (18 damage)
             ... on level 5 of the Dungeon.
             The game lasted 00:10:45 (3762 turns).

sokol815 the Shooter (Demigod Hunter)               Turns: 3762, Time: 00:10:45

Health: -1/59      AC:  5    Str: 12    XL:     7   Next: 37%
Magic:  9/9        EV: 14    Int: 11    God:
Gold:   268        SH:  0    Dex: 25    Spells: 6/6 levels left

rFire   . . .      SeeInvis .    a - +0 shortbow
rCold   + . .      Faith    .    (shield currently unavailable)
rNeg    + . .      Spirit   .    c - +0 leather armour
rPois   .          Reflect  .    l - +1 helmet
rElec   .          Harm     .    (no cloak)
rCorr   .          Rampage  .    (no gloves)
Will    .....                    (no boots)
Stlth   ++                       (no amulet)
HPRegen 0.29/turn                q - ring of positive energy {rN+}
MPRegen 0.11/turn                C - ring of protection from cold {rC+, !d}

@: no status effects
A: high MP 1, forlorn, divine attributes
a: no special abilities


You were on level 5 of the Dungeon.
You visited 1 branch of the dungeon, and saw 5 of its levels.
You also visited: Sewer and Ossuary.

You collected 268 gold pieces.

Inventory:

Hand Weapons
 a - a +0 shortbow (weapon)
 d - a +4 whip
   (You took it off a kobold on level 1 of the Dungeon)
 o - a +1 vampiric dagger
   (You found it on level 3 of the Dungeon)
Missiles
 r - 8 poisoned darts
 s - 30 stones
Armour
 c - a +0 leather armour (worn)
 l - a +1 helmet (worn)
   (You took it off Robin on level 2 of the Dungeon)
Magical Staves
 b - a staff of conjuration
   (You found it on level 4 of the Dungeon)
 e - a staff of earth
   (You found it on level 1 of the Dungeon)
Jewellery
 q - a ring of positive energy (left hand) {rN+}
   (You found it on level 2 of the Dungeon)
 C - a ring of protection from cold (right hand) {rC+, !d}
   (You found it on level 3 of the Dungeon)
Wands
 p - a wand of paralysis (7)
   (You found it on level 4 of the Dungeon)
Scrolls
 f - a scroll of butterflies
 h - a scroll of blinking {unknown}
 i - a scroll of poison {!r}
 u - a scroll of fear {unknown}
 K - a scroll of immolation {!r}
 X - 2 scrolls of magic mapping {@r4!r}
 Y - 2 scrolls of teleportation {@r3}
Potions
 g - a potion of degeneration {unknown}
 j - 2 potions of brilliance {unknown}
 k - a potion of cancellation {unknown}
 m - 3 potions of curing {unknown}
 n - 3 potions of might {unknown}
 t - 2 potions of mutation {unknown}
 v - 2 potions of attraction {unknown}
 G - a potion of ambrosia {!q}
 H - 4 potions of haste
 I - a potion of invisibility
 P - 4 potions of lignification {!q}


   Skills:
 + Level 4.2 Fighting
 * Level 6.7 Ranged Weapons
 + Level 4.2 Dodging
 - Level 0.8 Stealth


You had 6 spell levels left.
You didn't know any spells.
Your spell library contained the following spells:

 Spells                   Type           Power      Damage    Failure   Level
 Blink                    Tloc           0%         N/A       56%         2
 Manifold Assault         Tloc           0%         N/A       99%         4
 Storm Form               Tmut/Air       0%         N/A       100%        7


Dungeon Overview and Level Annotations

Branches:
Dungeon (5/15) Zot: 26961   Sewer (visited)         Ossuary (visited)
 Temple: D:4-7

Annotations:
D:4 Edmund
D:5 Menkaure


Innate Abilities, Weirdness & Mutations

You have an increased reservoir of magic. (+10% MP)
You shall have no god before yourself.
Your divine heritage dramatically boosts your attributes as you level up.


Message History

There is an open door here.
You open the door.
There is an open door here.
There is an open door here.
There is an open door here.
There is an open gate here.
There is an open gate here.
There is an open door here.
There is an open door here.
Partly explored, can't reach some items and places.
(D) Dungeon
Where to? (Enter - D:4, ? - help)
There is an open door here.
There is an open door here.
There is a stone staircase leading down here.
You climb downwards.
There is a stone staircase leading up here.
A quokka and an orc come into view.
The orc shouts!
Menkaure, Prince of Dust comes into view.
Fire: a) +0 shortbow
Aim: Menkaure (wandering, hasn't noticed you, 80% to hit)
You shoot an arrow.
Menkaure shouts!
The arrow hits Menkaure!
Menkaure's bandages flutter.
Menkaure casts a spell at you. Pain shoots through your body!
You take 2 damage, and have 57/59 hp.
Fire: a) +0 shortbow
Aim: Menkaure (heavily damaged, 80% to hit)
You shoot an arrow. The arrow hits Menkaure.
Fire: a) +0 shortbow
Aim: Menkaure (severely damaged, 80% to hit)
You shoot an arrow. The arrow hits Menkaure.
Fire: a) +0 shortbow
Aim: Menkaure (severely damaged, 80% to hit)
You shoot an arrow. The arrow hits the quokka.
The quokka closely misses you. x2
Fire: a) +0 shortbow
Aim: Menkaure (severely damaged, 80% to hit)
You shoot an arrow.
The arrow hits the quokka but does no damage.
The quokka bites you but does no damage.
Menkaure sighs, "It doesn't hurt if you pull your brain out of your nose yourself."
The orc barely misses you.
Health restored: 59 The orc attacks as you move away!
The orc misses you. The orc attacks as you move away!
The orc closely misses you. The quokka bites you.
You take 3 damage, and have 56/59 hp.
The quokka attacks as you move away! The quokka closely misses you.
The orc attacks as you move away! The orc hits you with a +0 flail.
Menkaure mumbles some strange words.
Menkaure seems to speed up.
You take 3 damage, and have 54/59 hp.
The quokka attacks as you move away!
The quokka bites you but does no damage.
The orc attacks as you move away! The orc hits you with a +0 flail.
You take 6 damage, and have 48/59 hp.
The quokka attacks as you move away!
The quokka bites you but does no damage.
The quokka bites you but does no damage.
Fire: a) +0 shortbow
Aim: a quokka (almost dead, 61% to hit)
You shoot an arrow. The arrow hits the quokka.
You kill the quokka!
Fire: a) +0 shortbow
Aim: an orc, wielding a +0 flail and wearing a +0 chain mail (75% to hit)
You shoot an arrow. The arrow hits the orc.
The orc hits you with a +0 flail.
You take 5 damage, and have 44/59 hp.
Fire: a) +0 shortbow
Aim: Menkaure (severely damaged, fast, 80% to hit)
You shoot an arrow. The arrow hits the orc.
Menkaure calls on the powers of darkness!
Your body is wracked with pain!
The orc barely misses you.
You take 18 damage, and have 26/59 hp.
MASSIVE DAMAGE!!
Fire: a) +0 shortbow
Aim: Menkaure (severely damaged, fast, 80% to hit)
You shoot an arrow. The arrow hits the orc.
You kill the orc!
Menkaure calls on the powers of darkness!
Your body is wracked with pain!
* * * LOW HITPOINT WARNING * * *
You take 10 damage, and have 16/59 hp.
Unknown command.
Fire: a) +0 shortbow
Aim: Menkaure (severely damaged, fast, 80% to hit)
You shoot an arrow. The arrow barely misses Menkaure.
Menkaure casts a spell at you.
You struggle to resist.
Fire: a) +0 shortbow
Aim: Menkaure (severely damaged, fast, 80% to hit)
You shoot an arrow.
The arrow hits Menkaure but does no damage.
Menkaure hits you!!
You die...

###..####.. ..#
#.. ....... ..#
#... ..... ..#
#.... #..##+# ..#
#....##..##.##..#
#...............+
#............M...#
#...####M###.##..#
##..####@##### ..#
#............#
....
#............#
.....
########.##.##
..##..# #####.####
..# ### #........#
..# #........+
#..##....# #..
#.<..#


You could see Menkaure (fast).

Vanquished Creatures
  A black bear (D:4)
  A phantom (D:4)
  2 elf zombies (Ossuary)
  2 bullfrogs (Sewer)
  A centaur zombie (Ossuary)
  Jessica (D:2)
  2 mummies (Ossuary)
  Robin (D:2)
  11 adders
  6 river rats
  An adder zombie (Ossuary)
  3 worms (D:3)
  A dart slug (D:3)
  An orc (D:5)
  16 ball pythons
  2 bats (D:2)
  4 endoplasms
  3 giant cockroaches
  16 goblins
  8 hobgoblins
  3 jackals (D:2)
  3 quokkas
  2 frilled lizards
  4 goblin zombies (Ossuary)
  13 hobgoblin zombies (Ossuary)
  A jackal zombie (Ossuary)
  7 kobolds
  10 kobold zombies (Ossuary)
  5 orc zombies (Ossuary)
  29 rats
160 creatures vanquished.

Notes
Turn   | Place    | Note
-------+----------+-------------------------------------------
     0 | D:1      | sokol815 the Demigod Hunter began the quest for the Orb.
     0 | D:1      | Reached XP level 1. HP: 17/17 MP: 3/3
   341 | D:1      | Reached skill level 2 in Fighting
   341 | D:1      | Reached skill level 2 in Dodging
   486 | D:2      | Reached XP level 2. HP: 24/24 MP: 4/4
   492 | D:2      | Noticed Robin
   495 | D:2      | Reached skill level 4 in Ranged Weapons
   582 | D:2      | Noticed Jessica
   603 | D:2      | Killed Robin
   629 | D:2      | Reached XP level 3. HP: 23/29 MP: 5/5
   698 | D:2      | HP: 3/30 [Jessica/+0 dagger (5)]
   705 | D:2      | Killed Jessica
   998 | D:3      | Reached XP level 4. HP: 37/37 MP: 6/6
  1119 | D:3      | Found a glowing drain.
  1128 | Sewer    | Entered a sewer
  1318 | Sewer    | Reached skill level 5 in Ranged Weapons
  1318 | Sewer    | Reached XP level 5. HP: 38/44 MP: 7/7
  1321 | Sewer    | Reached skill level 3 in Fighting
  1469 | Sewer    | Reached skill level 3 in Dodging
  1572 | Sewer    | Reached XP level 6. HP: 32/51 MP: 8/8
  2427 | D:4      | Found a sand-covered staircase.
  2432 | Ossuary  | Entered an ossuary
  2558 | Ossuary  | HP: 9/51 [mummy (14)]
  2559 | Ossuary  | Reached skill level 6 in Ranged Weapons
  2563 | Ossuary  | HP: 8/52 [mummy (10)]
  2588 | Ossuary  | HP: 13/52 [centaur zombie (1)]
  2610 | Ossuary  | HP: 12/52 [elf zombie (5)]
  2615 | Ossuary  | HP: 12/52 [elf zombie (6)]
  2648 | Ossuary  | Reached XP level 7. HP: 58/58 MP: 9/9
  3050 | D:4      | Reached skill level 4 in Fighting
  3050 | D:4      | Reached skill level 4 in Dodging
  3489 | D:4      | Noticed Edmund
  3726 | D:5      | Entered Level 5 of the Dungeon
  3744 | D:5      | Noticed Menkaure
  3762 | D:5      | Slain by Menkaure

Illustrated notes

Levels and vault maps discovered:
D:1:      saegor_arrival_miasma, layout_rooms, serial_aquarium,
          aquarium_bridge_island_small [aquarium_subvault_small_open,
          aquarium_subvault_window, aquarium_subvault_bridge,
          aquarium_subvault_window, aquarium_subvault_balcony],
          aquarium_window_3, aquarium_window_1, aquarium_window_fake,
          aquarium_window_fake, aquarium_view_2e, aquarium_pool_double,
          minmay_strange_pillars
D:2:      layout_rooms, uniq_robin, uniq_jessica
D:3:      layout_basic, mainiacjoe_overflow_concentric_impassable,
          ebering_ecumenical_altar_mist, portal_sewer_entry_b,
          grunt_decor_clamped, minmay_misc_feat_five
D:4:      layout_basic, mainiacjoe_overflow_big_doors, enter_ossuary_2,
          kennysheep_generic_room_14, uniq_edmund
D:5:      kennysheep_slugbush, layout_gridville,
          nicolae_elyvilon_peaceful_grove, mainiacjoe_overflow_paths,
          uniq_menkaure

Skill      XL: |  1  2  3  4  5  6  7 |
---------------+----------------------+-----
Fighting       | 2 3 4 |  4.2
Dodging        | 2 3 4 |  4.2
Ranged Weapons | 4 5 6 |  6.7
Stealth        | |  0.8

Action                     |  1- 3 |  4- 6 |  7- 9 || total
---------------------------+-------+-------+-------++-------
  Melee: Whip              |       |    51 |     4 ||    55
         Punch             |       |     3 |       ||     3
   Fire: Shortbow          |    86 |   272 |    59 ||   417
  Evoke: Wand              |       |     3 |       ||     3
    Use: Potion            |     2 |     5 |       ||     7
         Scroll            |       |     7 |     2 ||     9
 Armour: Leather armour    |     7 |    62 |    10 ||    79
         Skin              |     8 |    17 |       ||    25
  Dodge: Dodged            |    45 |   160 |    18 ||   223

Table legend: (Time is in decaauts)
 A = Elapsed time spent in this place.
 B = Non-inter-level travel time spent in this place.
 C = Inter-level travel time spent in this place.
 D = Time resting spent in this place.
 E = Time spent auto-exploring this place.
 F = Levels seen in this place.
 G = Mean time per level.
                   A        B        C        D        E       F      G
               +--------+--------+--------+--------+--------+-----+--------+
         Total |   3916 |   3838 |     78 |    313 |   2483 |   7 |  559.4 |
       Dungeon |   2761 |   2683 |     78 |    132 |   2030 |   5 |  552.2 |
         Sewer |    725 |    725 |      0 |    145 |    309 |   1 |  725.0 |
       Ossuary |    429 |    429 |      0 |     36 |    143 |   1 |  429.0 |
               +--------+--------+--------+--------+--------+-----+--------+

Top non-repeatable levels by time:
     D:4: 943 daAuts
     D:3: 756 daAuts
   Sewer: 725 daAuts
     D:1: 512 daAuts
     D:2: 511 daAuts
 Ossuary: 429 daAuts
     D:5: 37 daAuts

Table legend:
 A = Kills in this place as a percentage of kills in entire the game.
 B = Kills by you in this place as a percentage of kills by you in the entire game.
 C = Kills by friends in this place as a percentage of kills by friends in the entire game.
 D = Other kills in this place as a percentage of other kills in the entire game.
 E = Experience gained in this place as a percentage of experience gained in the entire game.
 F = Experience gained in this place divided by the number of levels of this place that you have seen.
                   A       B       C       D       E      F
               +-------+-------+-------+-------+-------+----------------------
         Total | 100.0 | 100.0 |   N/A |   N/A | 100.0 | 168.9
       Dungeon |  45.6 |  45.6 |   N/A |   N/A |  41.1 |  97.2
         Sewer |  30.0 |  30.0 |   N/A |   N/A |  32.0 | 378.0
       Ossuary |  24.4 |  24.4 |   N/A |   N/A |  26.9 | 318.0
               +-------+-------+-------+-------+-------+----------------------
